Cogmind - Beta 17 @@@ ROGUE MODE // 2026.06.28 @ 18:37:25 Player: Calasmeer Result: Destroyed by S-27 Virus with Autogun Performance ------------- Evolutions (3) 1500 Regions Visited (6) 1200 Robots Destroyed (49) 245 Value Destroyed (1117) 1117 Prototype IDs (1) 20 Alien Tech Used (0) 0 Bonus (0) 0 TOTAL SCORE: 4082 Bonus ------- None Cogmind --------- Core Integrity 0/700 Matter 274/300 Energy 290/290 System Corruption 9% Temperature Cool (0) Movement Core (350) Ox6 Location -7/Storage Parts ------- > --- POWER (1) -------- Improved Deuterium Engine > --- PROPULSION (5) --- (None) > --- UTILITY (5) ------ Medium Storage Unit Signal Interpreter > --- WEAPON (2) ------- (None) > --- INVENTORY (10) --- Subdweller Power Source Improved Heat Sink High-capacity Matter Pod (200) Advanced Targeting Computer Drone Bay (2/2) Peak State ------------ > --- POWER ------------ Improved Deuterium Engine > --- PROPULSION ------- Light Treads Light Treads > --- UTILITY ---------- Medium Storage Unit Subdweller Optics Signal Interpreter Improved Terrain Scanner Improved Light Armor Plating > --- WEAPON ----------- Flak Gun Ripper > --- INVENTORY -------- Subdweller Power Source Subdweller Monowheel Gravmag System Improved Heat Sink High-capacity Matter Pod Signal Interpreter Advanced Targeting Computer Improved Light Cannon [Rating: 25] Favorites ----------- Power Light Ion Engine Engine Light Ion Engine Power Core Light Nuclear Core Propulsion Wheel Treads Light Treads Leg Aluminum Leg Wheel Wheel Hover Unit Gravmag System Utility Medium Storage Unit Device Improved Heat Sink Storage Medium Storage Unit Processor Signal Interpreter Protection Improved Light Armor Plating Weapon Particle Gun Energy Gun Particle Gun Ballistic Gun Assault Rifle Ballistic Cannon Battle Cannon Launcher Grenade Launcher Slashing Weapon Ripper Build | -11 -10 -10 -10 -8 -7 -7 ------- Run | Yrd Mat Min Sub Mat Fac Sto Slots Evolved 6 | . . . . 4 2 . Power . | . . . . . . . Propulsion 3 | . . . . 2 1 . Utility 3 | . . . . 2 1 . Weapon . | . . . . . . . Parts Attached 51 | 6 2 12 6 12 10 3 Power 8 | 1 1 1 1 2 2 . Engine 6 | 1 1 1 . 1 2 . Core 2 | . . . 1 1 . . Reactor . | . . . . . . . Propulsion 18 | 2 . 5 2 5 3 1 Treads 4 | . . . . 1 3 . Leg 4 | . . 2 . 2 . . Wheel 9 | 2 . 3 2 2 . . Hover 1 | . . . . . . 1 Flight . | . . . . . . . Utility 14 | 1 1 2 1 4 3 2 Device 6 | 1 . 1 1 1 1 1 Storage 2 | . 1 1 . . . . Processor 2 | . . . . 1 . 1 Hackware . | . . . . . . . Protection 4 | . . . . 2 2 . Artifact . | . . . . . . . Weapon 11 | 2 . 4 2 1 2 . Energy Gun 4 | 1 . 2 . 1 . . Energy Cannon . | . . . . . . . Ballistic Gun 3 | 1 . 1 . . 1 . Ballistic Cannon 2 | . . . 1 . 1 . Launcher 1 | . . 1 . . . . Special Weapon . | . . . . . . . Impact Weapon . | . . . . . . . Slashing Weapon 1 | . . . 1 . . . Piercing Weapon . | . . . . . . . Special Melee Weapon . | . . . . . . . Unidentified Prototypes 1 | . . . . 1 . . Parts Lost 30 | . 1 4 3 6 15 1 Power 4 | . . 1 1 . 2 . Propulsion 12 | . 1 1 1 3 5 1 Utility 7 | . . 1 . 2 4 . Weapon 7 | . . 1 1 1 4 . Highest Loss Streak 6 | . 1 4 2 2 6 1 To Critical Strikes . | . . . . . . . Average Backups 8 | 2 6 8 9 8 7 5 Power 1 | . . 1 1 1 1 1 Propulsion 1 | 1 2 . 1 . 1 . Utility 3 | . 1 2 3 5 4 4 Weapon 2 | . 1 3 2 1 . . Tool/Special . | . . . . . . . Unused Backups 14 | . 3 1 5 2 . 3 Power 3 | . . 1 . 1 . 1 Propulsion 4 | . 3 . 1 . . . Utility 4 | . . . 2 . . 2 Weapon 3 | . . . 2 1 . . Tool/Special . | . . . . . . . Average Slot Usage (%) 83 | . 91 97 97 83 46 26 Engine 9 | . 14 13 10 2 5 7 Core 2 | . . . 3 6 . . Treads 1 | . . . . 1 7 . Leg 3 | . . 13 . . . . Wheel 18 | . 28 13 28 25 . . Device 10 | . 14 13 12 6 3 . Storage 10 | . 5 14 14 9 7 7 Processor 2 | . . . . 7 7 7 Protection 1 | . . . . 6 3 . Energy Gun 10 | . 14 20 11 2 . . Ballistic Gun 4 | . 14 7 . . 2 . Ballistic Cannon 2 | . . . 6 6 . . Launcher 1 | . . . 6 . . . Slashing Weapon 2 | . . . 2 9 3 . Peak Build Rating 25 | 8 9 12 16 23 25 16 Average Rating 12 | 5 8 10 11 19 14 9 On Entrance 10 | . 8 8 12 16 19 7 Avg Prop Armor Cover (%) 10 | . . . . 10 15 . Naked Turns . | . . . . . . . Heaviest Build 42 | 9 17 20 23 42 33 20 Greatest Support 52 | 32 32 26 30 52 40 9 Greatest Overweight (x) 6 | . 1 1 1 2 6 6 Average Overweight (x) . | . . . . . 1 3 Largest Inventory Capacity 10 | 5 10 10 10 10 10 10 Average Capacity 9 | 5 7 10 10 10 10 10 Most Carried 10 | 5 8 10 10 10 10 7 Average Carried 8 | 2 6 8 9 9 7 5 Final Capacity 10 | 5 10 10 10 10 10 10 Final Carried 10 | 5 8 10 9 9 7 5 Class Distribution -------------------- 58% | Mutant 41% | Scavenger-Mutant Dominant Class ---------------- Mutant | -10/Materials Scavenger-Mutant | -10/Mines Scavenger-Mutant | -10/Subcaves Scavenger-Mutant | -8/Materials Mutant | -7/Factory Mutant | -7/Storage Resources | -11 -10 -10 -10 -8 -7 -7 ----------- Run | Yrd Mat Min Sub Mat Fac Sto Matter Collected 1046 | 272 49 234 235 125 131 . Remotely . | . . . . . . . Salvage Created 1650 | 82 100 578 272 413 205 . Parts 103 | 7 11 25 25 26 9 . Haulers Intercepted 1 | . 1 . . . . . Recyclers Shooed 1 | 1 . . . . . . Parts Field Recycled . | . . . . . . . Retrieved Matter . | . . . . . . . Parts Self-Destructed 14 | . . . 14 . . . Prevented . | . . . . . . . Parts Restored . | . . . . . . . Kills | -11 -10 -10 -10 -8 -7 -7 ------- Run | Yrd Mat Min Sub Mat Fac Sto Combat Hostiles Destroyed 37 | . 3 10 10 9 5 . Melee 14 | . . . 1 9 4 . Guns 10 | . 3 7 . . . . Cannons 4 | . . . 3 . 1 . AOE 9 | . . 3 6 . . . Classes Destroyed 11 | 2 3 3 2 1 . . Worker 2 | . . 2 . . . . Builder 1 | . . 1 . . . . Tunneler 1 | 1 . . . . . . Hauler 1 | . 1 . . . . . Recycler 6 | 1 . 4 . 1 . . Operator 1 | . 1 . . . . . Swarmer 19 | . 3 6 3 4 3 . Grunt 7 | . . 4 . 3 . . Duelist 1 | . . . . 1 . . Sentry 4 | . . . 1 1 2 . Subdweller 6 | . . . 6 . . . Best Kill Streak 5 | 2 3 5 3 4 2 . Combat Bots Only 5 | . 3 5 3 4 2 . Max Kills in Single Turn 2 | 1 1 2 2 1 1 . Gunslinging . | . . . . . . . Exploded 2 | . . 1 2 . . . Melee 1 | . . . 1 1 1 . Uniques/NPCs Destroyed . | . . . . . . . Combat | -11 -10 -10 -10 -8 -7 -7 -------- Run | Yrd Mat Min Sub Mat Fac Sto Hostile Shots Fired 398 | . 32 42 29 73 202 20 Missed 118 | . 13 16 10 18 54 7 Hits 280 | . 19 26 19 55 148 13 Projectile 280 | . 19 26 19 55 148 13 AOE 1 | . . . . . 1 . Critical Strikes 6 | . . . . 3 3 . Part Disruptions 1 | . . . . . 1 . Damage Taken 3503 | . 210 299 398 572 1829 195 Core 978 | . 40 85 91 61 584 117 Absorbed by Shields . | . . . . . . . Core Remaining (%) 67 | 100 . . 13 88 . . Volleys Fired 118 | 4 21 45 35 . 13 . Largest 2 | 2 2 2 2 . 1 . Hottest 130 | 60 60 130 95 . 65 . Shots Fired 200 | 8 42 89 48 . 13 . Gun 162 | 8 42 86 25 . 1 . Cannon 22 | . . . 10 . 12 . Launcher 16 | . . 3 13 . . . Special . | . . . . . . . Kinetic 72 | 4 21 25 10 . 12 . Thermal 112 | 4 21 61 25 . 1 . Explosive 16 | . . 3 13 . . . Electromagnetic . | . . . . . . . Robot Hit Streak 10 | 5 10 8 5 . 9 . Robot Miss Streak 5 | 1 5 5 3 . 1 . Penetration Max . | . . . . . . . Secondary Targets 3 | . 1 2 . . . . Max Gunslinging Chain 1 | . 1 1 . . . . Shots Hit Robots 166 | 6 26 57 24 23 30 . Core Hits 78 | 3 11 30 15 9 10 . Critical Kills . | . . . . . . . Critical Parts Destroyed . | . . . . . . . Critical Strikes 10 | . . . 1 1 8 . Burn 1 | . . . 1 . . . Blast 1 | . . . . . 1 . Sever 8 | . . . . 1 7 . Melee Attacks 56 | . . . 4 31 21 . Impact . | . . . . . . . Slashing 56 | . . . 4 31 21 . Piercing . | . . . . . . . Sneak Attacks 1 | . . . . 1 . . Combat Hostiles . | . . . . . . . Follow-up Attacks . | . . . . . . . Damage Inflicted 3963 | 68 292 837 954 875 937 . Guns 1255 | 68 292 708 174 . 13 . Cannons 403 | . . . 136 . 267 . Explosions 668 | . . 129 539 . . . Melee 1611 | . . . 105 875 631 . Ramming 26 | . . . . . 26 . Kinetic 743 | 36 139 165 136 . 267 . Thermal 915 | 32 153 543 174 . 13 . Explosive 668 | . . 129 539 . . . Electromagnetic . | . . . . . . . Impact . | . . . . . . . Slashing 1611 | . . . 105 875 631 . Piercing . | . . . . . . . Highest Corruption 9 | . . . . . 9 9 Average Corruption 7 | . . . . . 6 9 Corruption Purged . | . . . . . . . Corruption Blocked . | . . . . . . . Effects 10 | . . . . . 7 3 Message Errors 2 | . . . . . 1 1 Matter Fused 3 | . . . . . 3 . Heat Flow Errors 1 | . . . . . . 1 Energy Discharges 1 | . . . . . 1 . Parts Rejected 1 | . . . . . 1 . Data Loss (minor) 2 | . . . . . 1 1 Overload Shots . | . . . . . . . Overflow Damage 60 | . . . . 38 22 . Projectiles 22 | . . . . . 22 . Explosions . | . . . . . . . Melee 38 | . . . . 38 . . Knockbacks 6 | . . . . . 6 . Impact . | . . . . . . . Kinetic 6 | . . . . . 6 . Secondary . | . . . . . . . Self-Inflicted Damage 35 | . . 15 20 . . . Shots 3 | . . 1 2 . . . Rammed 37 | . . . . . 36 1 Targets Rammed 37 | . . . . . 36 1 Kicked . | . . . . . . . Crushed . | . . . . . . . Highest Temperature 230 | 20 27 108 10 5 16 230 Average Temperature 39 | 20 17 38 10 3 10 115 Received Heat Transfer 681 | . 87 111 78 171 234 . Siege Activations . | . . . . . . . Martial Activations . | . . . . . . . Shielding Activations . | . . . . . . . Robots Disrupted . | . . . . . . . Combat Hostiles . | . . . . . . . Robots Corrupted . | . . . . . . . Combat Hostiles . | . . . . . . . Parts Fried . | . . . . . . . Impact Corruptions . | . . . . . . . Robots Melted . | . . . . . . . Combat Hostiles . | . . . . . . . Parts Melted 1 | . 1 . . . . . Heat Transferred 2218 | 75 350 1275 481 . 37 . Parts Sabotaged . | . . . . . . . Parts Stolen . | . . . . . . . Parts Stripped . | . . . . . . . Power Chain Reactions . | . . . . . . . Alert | -11 -10 -10 -10 -8 -7 -7 ------- Run | Yrd Mat Min Sub Mat Fac Sto Maximum Alert Level . | . . . . . . . Low Security (%) 100 | 100 100 100 . 100 100 100 Level 1 . | . . . . . . . Level 2 . | . . . . . . . Level 3 . | . . . . . . . Level 4 . | . . . . . . . Level 5 . | . . . . . . . High Security . | . . . . . . . Max Security . | . . . . . . . Peak Influence 140 | 10 60 140 . 111 45 2 Initial 18 | . . 13 . . 18 . Average 31 | 1 12 59 . 38 8 . Influence Increases 1055 | 10 155 366 105 272 145 2 Destroy 0b10 Robot/C 620 | . 60 200 80 180 100 . Destroy 0b10 Robot/NC 60 | 10 10 35 . 5 . . Destroy Leader 122 | . 12 40 10 30 30 . Successful Hack 27 | . 13 . . 12 . 2 Disable Machine 30 | . . 30 . . . . Destroy Structure 16 | . . 16 . . . . Lose Combat Pursuer 180 | . 60 45 15 45 15 . Influence Decreases 1055 | 10 121 400 105 229 188 2 Entered New Map 46 | . . 21 . . 25 . Time Decay 833 | 10 111 356 95 169 90 2 Lost Part 176 | . 10 23 10 60 73 . Squads Dispatched 2 | . 1 . . . 1 . Investigation . | . . . . . . . Extermination 1 | . . . . . 1 . Reinforcement 1 | . 1 . . . . . Assault . | . . . . . . . Garrison . | . . . . . . . Intercept . | . . . . . . . Searches Triggered . | . . . . . . . Construction Impeded . | . . . . . . . Haulers Reinforced . | . . . . . . . Active Scanning Responses . | . . . . . . . Cargo Convoy Interrupts . | . . . . . . . Stealth | -11 -10 -10 -10 -8 -7 -7 --------- Run | Yrd Mat Min Sub Mat Fac Sto Distress Signals 2 | . 1 . . 1 . . Communications Jammed . | . . . . . . . Distress Signals . | . . . . . . . Times Spotted 66 | . 14 14 12 14 8 4 Peak Tracking Total 6 | . 6 5 4 4 3 4 Tactical Retreats 7 | . 1 2 1 2 1 . Traps | -11 -10 -10 -10 -8 -7 -7 ------- Run | Yrd Mat Min Sub Mat Fac Sto Traps Triggered . | . . . . . . . Indirectly . | . . . . . . . Trap Hack Attempts . | . . . . . . . Triggered . | . . . . . . . Disarmed . | . . . . . . . Reprogrammed . | . . . . . . . Reused . | . . . . . . . Traps Extracted . | . . . . . . . Installed . | . . . . . . . Triggered . | . . . . . . . Machines | -11 -10 -10 -10 -8 -7 -7 ---------- Run | Yrd Mat Min Sub Mat Fac Sto Machines Disabled 2 | . . 2 . . . . Max in Single Turn 2 | . . 2 . . . . Machines Repaired . | . . . . . . . Machines Dismantled . | . . . . . . . Machines Sabotaged . | . . . . . . . Overloaded Fab Kills . | . . . . . . . Hacking | -11 -10 -10 -10 -8 -7 -7 --------- Run | Yrd Mat Min Sub Mat Fac Sto Machines Accessed 7 | . 4 . . 2 . 1 Terminals 6 | . 4 . . 1 . 1 Fabricators . | . . . . . . . Repair Stations . | . . . . . . . Recycling Units . | . . . . . . . Scanalyzers 1 | . . . . 1 . . Garrison Access . | . . . . . . . Total Hacks 13 | . 9 . . 3 . 1 Successful 7 | . 4 . . 2 . 1 Failed 6 | . 5 . . 1 . . Catastrophic 1 | . 1 . . . . . Database Lockouts . | . . . . . . . Manual 6 | . 5 . . 1 . . Terminals 11 | . 9 . . 1 . 1 Fabricators . | . . . . . . . Repair Stations . | . . . . . . . Recycling Units . | . . . . . . . Scanalyzers 2 | . . . . 2 . . Garrison Access . | . . . . . . . Terminal Hacks 3 | . 2 . . . . 1 Open Door 1 | . . . . . . 1 Alert Level 1 | . 1 . . . . . Locate Traps 1 | . 1 . . . . . Fabricator Hacks . | . . . . . . . Repair Station Hacks . | . . . . . . . Recycling Unit Hacks . | . . . . . . . Scanalyzer 2 | . . . . 2 . . Insert Component 1 | . . . . 1 . . Analyze 1 | . . . . 1 . . Garrison Access Hacks . | . . . . . . . Unauthorized Hacks 2 | . 2 . . . . . Terminals 2 | . 2 . . . . . Botnet 2 | . 2 . . . . . Fabricators . | . . . . . . . Repair Stations . | . . . . . . . Recycling Units . | . . . . . . . Scanalyzers . | . . . . . . . Garrison Access . | . . . . . . . Data Cores Recovered 1 | . 1 . . . . . Used . | . . . . . . . Hacking Detections 4 | . 2 . . 2 . . Full Trace Events . | . . . . . . . Feedback Events . | . . . . . . . Feedback Blocked . | . . . . . . . Robot Schematics Acquired . | . . . . . . . Robots Built . | . . . . . . . Authchips . | . . . . . . . Time . | . . . . . . . Total Robot Build Rating . | . . . . . . . Part Schematics Acquired 1 | . . . . 1 . . Parts Built . | . . . . . . . Authchips . | . . . . . . . Time . | . . . . . . . Total Part Build Rating . | . . . . . . . Part Studies Acquired . | . . . . . . . Parts Repaired . | . . . . . . . Time . | . . . . . . . Parts Recycled . | . . . . . . . Recycled Matter . | . . . . . . . Retrieved Matter . | . . . . . . . Retrieved Components . | . . . . . . . Parts Scanalyzed 1 | . . . . 1 . . Part Schematics Acquired 1 | . . . . 1 . . Parts Damaged . | . . . . . . . Bothacking | -11 -10 -10 -10 -8 -7 -7 ------------ Run | Yrd Mat Min Sub Mat Fac Sto Used RIF Installer . | . . . . . . . Robots Hacked . | . . . . . . . Non-combat . | . . . . . . . Combat . | . . . . . . . Robot Hacks Applied . | . . . . . . . Relay Couplers Released . | . . . . . . . Fabnet Peak Effective % . | . . . . . . . Robots Rewired . | . . . . . . . Allies Hacked . | . . . . . . . Hacks Repelled . | . . . . . . . Allies | -11 -10 -10 -10 -8 -7 -7 -------- Run | Yrd Mat Min Sub Mat Fac Sto Total Allies . | . . . . . . . Largest Group . | . . . . . . . Highest-Rated Group . | . . . . . . . Highest-Rated Ally . | . . . . . . . Total Orders . | . . . . . . . Ally Attacks . | . . . . . . . Total Damage . | . . . . . . . Kills . | . . . . . . . Allies Corrupted . | . . . . . . . Allies Melted . | . . . . . . . Intel | -11 -10 -10 -10 -8 -7 -7 ------- Run | Yrd Mat Min Sub Mat Fac Sto Active Infowar (turns) 1150 | 21 494 2 129 324 180 . Optics 395 | . . . 129 111 155 . Sensors 304 | . . . . 279 25 . Terrain 595 | 21 494 2 . . 78 . Robot Analysis Total . | . . . . . . . Derelict Logs Recovered 3 | . . 2 1 . . . Drone Launches . | . . . . . . . Drone Recoveries . | . . . . . . . Exploration | -11 -10 -10 -10 -8 -7 -7 ------------- Run | Yrd Mat Min Sub Mat Fac Sto Turns Passed 3421 | 81 494 873 792 552 506 123 Spaces Moved 2527 | 58 353 695 783 450 139 49 Core 49 | 5 . . . . 27 17 Treads 104 | . . . . . 104 . Legs 283 | . . 278 . 5 . . Wheels 2059 | 53 353 417 783 445 8 . Hover 32 | . . . . . . 32 Flight . | . . . . . . . Fastest Speed 50 | 50 100 80 80 90 115 180 Average Speed 101 | 95 100 100 82 93 193 238 Slowest Speed 350 | 100 115 120 95 260 350 350 Overloaded Moves . | . . . . . . . Propulsion Burnouts . | . . . . . . . Robots Hopped . | . . . . . . . Potential Cave-ins . | . . . . . . . Cave-ins Triggered . | . . . . . . . Exploration Rate (%) 37 | 3 46 98 60 40 3 11 Regions Visited 6 Branch Regions 3 Pre-discovered Areas 2 | . . 1 1 . . . Known Exits Taken 2 | . . . . 1 1 . Unknown Exits Taken 4 | 1 1 1 1 . . . Scrap Searched 8 | . . 2 6 . . . Spaces Dug . | . . . . . . . Terrain Destroyed 68 | . . 21 47 . . . Melee . | . . . . . . . Projectile 1 | . . . 1 . . . AOE 67 | . . 21 46 . . . Terrain Rammed . | . . . . . . . Walls Destroyed . | . . . . . . . Machines Disabled . | . . . . . . . Actions | -11 -10 -10 -10 -8 -7 -7 --------- Run | Yrd Mat Min Sub Mat Fac Sto Total 3025 | 72 455 781 878 535 248 56 Wait 172 | . 69 16 37 22 28 . Move 2521 | 57 352 694 782 449 138 49 Hop . | . . . . . . . Pick Up 33 | 5 7 7 5 8 1 . Fast Attach 29 | 6 1 3 2 8 8 1 Attach 17 | . . 4 3 5 3 2 Detach 5 | . . . 2 2 . 1 Swap 10 | . 1 6 2 1 . . Drop 27 | . 4 6 6 9 . 2 Fire 118 | 4 21 45 35 . 13 . Melee 56 | . . . 4 31 21 . Ram 23 | . . . . . 22 1 Kick . | . . . . . . . Crush 14 | . . . . . 14 . Escape Stasis . | . . . . . . . Rewire . | . . . . . . . Trap . | . . . . . . . Miscellaneous . | . . . . . . . Route ------- -11/Scrapyard -10/Materials (discovered 2 exits: [*Min x2]) -10/Mines (discovered 3 exits: [*Mat x2] / [*Sub]) -10/Subcaves -8/Materials -7/Factory -7/Storage History --------- Turn | Location | Event 11 | -11/Scrapyard | Discovered new exit (range 16) 82 | -11/Scrapyard | Entered Materials 168 | -10/Materials | Discovered new exit (range 16) 316 | -10/Materials | Build established: Mutant 390 | -10/Materials | Discovered new exit (range 5) 576 | -10/Materials | Entered Mines 623 | -10/Mines | Lost 4 parts (1p2n1u) 1071 | -10/Mines | Learned Materials security intel 1073 | -10/Mines | Learned location of Storage (-7) 1075 | -10/Mines | Discovered new exit (range 11) 1245 | -10/Mines | Joined a pair of Derelicts in attacking an 0b10 outpost 1269 | -10/Mines | Discovered new exit (range 6) 1370 | -10/Mines | Build established: Scavenger-Mutant 1374 | -10/Mines | Discovered new exit (range 8) 1449 | -10/Mines | Entered Subcaves 1450 | -10/Subcaves | Shifting Twisted Machinery released Piercing Trap 1506 | -10/Subcaves | Core integrity fell below 50% 1618 | -10/Subcaves | Disturbed a concealed Subdweller 2095 | -10/Subcaves | Shifting Twisted Machinery released Sub. Monowheel 2108 | -10/Subcaves | Shifting Twisted Machinery released Sub. Optics 2127 | -10/Subcaves | Disturbed a concealed Subdweller 2136 | -10/Subcaves | Core integrity fell below 20% 2197 | -10/Subcaves | Discovered new exit (range 14) 2241 | -10/Subcaves | Entered Materials 2241 | -8/Materials | Evolved 4 slots: Propulsion x2, Utility x2 2322 | -8/Materials | Discovered new exit (range 13) 2469 | -8/Materials | Identified exit to Factory 2793 | -8/Materials | Entered Factory 2793 | -7/Factory | Evolved 2 slots: Propulsion x1, Utility x1 2794 | -7/Factory | Identified exit to Storage 2871 | -7/Factory | Lost 5 parts (1p2n1u1w) 2930 | -7/Factory | Build established: Mutant 3085 | -7/Factory | Lost 6 parts (1p2n1u2w) 3176 | -7/Factory | Core integrity fell below 50% 3227 | -7/Factory | Core integrity fell below 20% 3299 | -7/Factory | Entered Storage 3422 | -7/Storage | Destroyed by S-27 Virus with Autogun Last Messages --------------- detected, Programmers report to Factory Zone 9E. 03260_ System corrupted: Matter fused (-5). 03278_ VELTXPCXGI/AMMY=8N6LJVPDDHJC1VVPBU4 CU0U 03279_ ALERT: Cargo convoy en route, clear transfer corridor. LOCATION=STORAGE GOAL=ESCAPE 03333_ 9YW7N63=F%DLQ B9TBHZ:>Open(Door) Sealed Heavy Doors opened. 03352_ Acquired Drone Bay. 03354_ Dropped Broken Sub. Monowheel. 03357_ Discarded Broken Signal Interpreter. 03401_ System corrupted: Heat flow error (+256). 03409_ U-05 Engineer destroyed. 03413_ Gravmag System destroyed. 03416_ System corrupted: Component data lost. 03422_ Slammed into S-27 Virus. Map ----- +----------------------------------------------------+ | ?????????????????????????????????????????????????? | | ?????????????????????????????????????????????????? | | ?????????????????????????????????????????????????? | | ?????????????????????????????????????????????????? | | ?????????????????????????????????????????????????? | | ?????????????????????????????????????????????????? | | ?????????????????????????????????????????????????? | | ?????????????????????????????????????????????????? | | ?????????????????????????????????????????????????? | | ?????????####????????????????????????????????????? | | ?????????#"""????????????????????????????????????? | | ????????##"T"######??????????????????????????????? | | ????????# #??????????????????????????????? | | ????????# #??????????????????????????????? | | ????????# """ """ #??????????????????????????????? | | ????????# """ """ #??????????????????????????????? | | ????????# """ """ #??????????????????????????????? | | ????????# """ """ #??????????????????????????????? | | ????????# """ """ #??????????????????????????????? | | ????????# #??????????????????????????????? | | ???????######+###########+#######/###????????????? | | ???????# !!%= ???????????? | | ???????# |!* ???????????? | | ???????# s ^ ???????????? | | ???????######+#########s##/#######???????????????? | | ???????????# ####### @s #???????????????? | | ???????????# #=!!!## """ """ +???????????????? | | ???????????# ## """ """ #???????????????? | | ???????????##T#!!!!## """ """ #???????????????? | | ????????????######### ????????????????? | | ????????????????????###########??????????????????? | | | | | | | | | | | | | | | | | | | | | | | | | | | | | | | | | | | | | | | +----------------------------------------------------+ Best States ------------- Heat Dissipation 39 Energy Generation 16 Energy Capacity 290 Matter Stores 300 Matter Capacity 300 Sight Range 21 Robot Scan Range 15 Terrain Scan Range 16 Terrain Scan Density 10 Armor Coverage 800 Evasion (%) 55 Recoil Reduction 2 Item Schematics ----------------- Signal Interpreter | -8/Materials | Scanalyzed Robot Schematics ------------------ None Fabricated ------------ Nothing Repaired ---------- Nothing Studied --------- None Alien Tech Used ----------------- None Achievements -------------- None Challenges ------------ None Game ------ Seed HelicalTractorBotcube Manual? 0 Play Time 00:39:17 Cumulative 44.9 hours Start 2026.06.28 @ 17:57:38 End 2026.06.28 @ 18:37:25 Sessions 1 Manual Loads 0 Difficulty Rogue Special Mode None Game No. 39 Rogue 38 Adventurer 0 Explorer 1 Win Type - Total 1 Types 1/0/0/0/0/0/0/0/0/0 Lore% 43 Gallery% 36 Achievement% 22 Wizard Run 0 Options --------- Layout 1 ASCII 0 Keyboard 0 Movement Mouse Keybinds 0 Fullscreen 1 Font 32/SmallcapsGlow Map View 50x35 Zoom Use 0% Tactical HUD 1 Map Filters NONE Filters NONE Steam 1 RUN: ea857490-c762-4e5f-acee-2154d32c806a